[ AOE2 MATCH · #505051937 ]
UnrankedBulgarians vs Spanish
Rival team · LOSS
[ REPLAY ANALYSIS · EXTRACTED FROM THE RECORDED GAME ]
Feudal
8:51
Castle
19:01
Imperial
35:30
| APM avg | 108.2 |
| APM peak | 161 |
| eAPM avg | 72.2 |
| Villagers / military | 344 / 372 |
Focus
⚔️ 72.6% · 🌾 27.4%
Cavalry Archer ×173 · Scout Cavalry ×164 · Battering Ram ×21 · Trebuchet (Packed) ×5 · Militia ×3 · Konnik ×2
Feudal
8:53
Castle
18:41
Imperial
34:32
| APM avg | 59.0 |
| APM peak | 130 |
| eAPM avg | 31.8 |
| Villagers / military | 186 / 211 |
Focus
⚔️ 43.3% · 🌾 56.7%
Conquistador ×91 · Skirmisher ×46 · Scout Cavalry ×43 · Scorpion ×7 · Missionary ×7 · Trebuchet (Packed) ×5
Match map
Initial resources + every placement click. Lines = walls · curves = elevation contours. ◆ gold · ⬟ stone · ● berries · ✦ relic · ◌ wall gap
Your base· ✓ Closed at 19:01 · 10t walls · 1 gate(s)
mouri's base· ✓ Closed at 18:41 · 37t walls · 1 gate(s)
Smoothed initial terrain · ◌ = detected wall gap · hover for details
Inputs per minute
— ldx - - mouri
Build order — ldx
First 150 of 1029 actions detected
| 0:00 | Create | Villager (Male) |
| 0:01 | Create | Villager (Male) |
| 0:01 | Build | House |
| 0:02 | Build | House |
| 0:04 | Create | Villager (Male) |
| 0:13 | Create | Villager (Male) |
| 1:24 | Create | Villager (Male) |
| 1:51 | Build | Lumber Camp |
| 1:57 | Create | Villager (Male) |
| 2:14 | Create | Villager (Male) |
| 2:49 | Create | Villager (Male) |
| 3:00 | Create | Villager (Male) |
| 3:17 | Create | Villager (Male) |
| 3:41 | Create | Villager (Male) |
| 3:50 | Build | House |
| 4:02 | Create | Villager (Male) |
| 4:22 | Create | Villager (Male) |
| 4:36 | Create | Villager (Male) |
| 4:54 | Create | Villager (Male) |
| 5:04 | Build | Barracks |
| 5:22 | Build | House |
| 5:40 | Create | Villager (Male) |
| 5:59 | Research | Loom |
| 6:09 | Research | Loom |
| 6:34 | Research | Feudal Age |
| 6:48 | Create | Militia |
| 6:58 | Build | Mill |
| 7:13 | Create | Militia |
| 7:31 | Create | Militia |
| 8:00 | Create | Villager (Male) |
| 8:20 | Build | House |
| 8:21 | Build | House |
| 8:51 | Age | Feudal Age |
| 9:00 | Research | Double-Bit Axe |
| 9:00 | Research | Double-Bit Axe |
| 9:01 | Create | Villager (Male) |
| 9:03 | Create | Villager (Male) |
| 9:05 | Create | Spearman |
| 9:08 | Build | House |
| 9:32 | Create | Villager (Male) |
| 9:37 | Build | Palisade Wall |
| 9:37 | Build | Palisade Wall |
| 9:39 | Create | Villager (Male) |
| 9:45 | Research | Horse Collar |
| 9:45 | Research | Horse Collar |
| 9:47 | Build | Farm |
| 9:47 | Create | Villager (Male) |
| 9:48 | Create | Villager (Male) |
| 9:52 | Create | Villager (Male) |
| 10:06 | Build | Farm |
| 10:08 | Create | Villager (Male) |
| 10:14 | Build | Farm |
| 10:29 | Build | Farm |
| 10:31 | Create | Villager (Male) |
| 10:35 | Create | Villager (Male) |
| 10:38 | Build | House |
| 10:39 | Build | Palisade Wall |
| 10:48 | Create | Villager (Male) |
| 10:48 | Create | Villager (Male) |
| 10:52 | Build | Palisade Wall |
| 11:05 | Create | Villager (Male) |
| 11:08 | Build | Farm |
| 11:09 | Build | Farm |
| 11:21 | Create | Villager (Male) |
| 11:31 | Create | Villager (Male) |
| 11:40 | Build | Farm |
| 11:48 | Create | Villager (Male) |
| 11:57 | Create | Villager (Male) |
| 11:57 | Create | Villager (Male) |
| 11:58 | Build | Farm |
| 11:59 | Create | Villager (Male) |
| 12:07 | Create | Villager (Male) |
| 12:12 | Create | Villager (Male) |
| 12:23 | Create | Villager (Male) |
| 12:25 | Build | Farm |
| 12:33 | Create | Villager (Male) |
| 12:40 | Build | Farm |
| 12:44 | Build | Mining Camp |
| 12:54 | Create | Villager (Male) |
| 13:00 | Create | Villager (Male) |
| 13:03 | Build | Farm |
| 13:09 | Create | Villager (Male) |
| 13:23 | Build | Farm |
| 13:26 | Create | Villager (Male) |
| 13:28 | Create | Villager (Male) |
| 13:32 | Create | Villager (Male) |
| 13:33 | Create | Villager (Male) |
| 13:35 | Build | Farm |
| 13:38 | Create | Villager (Male) |
| 13:42 | Create | Villager (Male) |
| 13:54 | Create | Villager (Male) |
| 13:59 | Build | House |
| 14:04 | Create | Villager (Male) |
| 14:07 | Create | Villager (Male) |
| 14:13 | Create | Villager (Male) |
| 14:15 | Create | Villager (Male) |
| 14:23 | Create | Villager (Male) |
| 14:28 | Build | Blacksmith |
| 14:43 | Create | Villager (Male) |
| 14:45 | Build | House |
| 14:48 | Create | Villager (Male) |
| 14:50 | Create | Villager (Male) |
| 15:13 | Build | House |
| 15:14 | Build | Palisade Wall |
| 15:25 | Create | Villager (Male) |
| 15:54 | Create | Villager (Male) |
| 16:02 | Build | Stable |
| 16:20 | Research | Castle Age |
| 16:20 | Research | Castle Age |
| 16:30 | Research | Gold Mining |
| 16:31 | Create | Scout Cavalry |
| 16:39 | Create | Villager (Male) |
| 16:41 | Create | Villager (Male) |
| 17:03 | Create | Scout Cavalry |
| 17:26 | Research | Bloodlines |
| 17:26 | Research | Bloodlines |
| 17:30 | Create | Villager (Male) |
| 17:40 | Create | Villager (Male) |
| 17:40 | Create | Villager (Male) |
| 17:50 | Create | Villager (Male) |
| 17:54 | Build | House |
| 17:58 | Build | Palisade Gate |
| 18:03 | Create | Villager (Male) |
| 18:09 | Create | Villager (Male) |
| 18:19 | Create | Villager (Male) |
| 18:32 | Create | Villager (Male) |
| 18:35 | Create | Villager (Male) |
| 18:39 | Create | Villager (Male) |
| 18:41 | Create | Villager (Male) |
| 18:47 | Create | Villager (Male) |
| 18:51 | Research | Scale Barding Armor |
| 18:51 | Research | Scale Barding Armor |
| 18:53 | Create | Villager (Male) |
| 19:01 | Age | Castle Age |
| 19:09 | Research | Bow Saw |
| 19:11 | Research | Wheelbarrow |
| 19:12 | Research | Wheelbarrow |
| 19:12 | Create | Villager (Male) |
| 19:23 | Create | Villager (Male) |
| 19:24 | Create | Villager (Male) |
| 19:29 | Build | Town Center |
| 19:32 | Create | Villager (Male) |
| 19:34 | Research | Fletching |
| 19:34 | Research | Fletching |
| 19:37 | Create | Villager (Male) |
| 19:37 | Create | Villager (Male) |
| 19:39 | Build | Archery Range |
| 19:41 | Build | Archery Range |
| 19:52 | Create | Villager (Male) |
| 19:56 | Create | Villager (Male) |
Build order — mouri
First 150 of 636 actions detected
| 0:00 | Create | Villager (Male) |
| 0:00 | Create | Villager (Male) |
| 0:01 | Build | House |
| 0:02 | Build | House |
| 0:14 | Build | House |
| 0:19 | Create | Villager (Male) |
| 0:24 | Create | Villager (Male) |
| 1:25 | Create | Villager (Male) |
| 2:01 | Create | Villager (Male) |
| 2:19 | Build | Lumber Camp |
| 2:25 | Create | Villager (Male) |
| 2:30 | Create | Villager (Male) |
| 3:09 | Create | Villager (Male) |
| 3:24 | Create | Villager (Male) |
| 3:24 | Create | Villager (Male) |
| 3:30 | Create | Villager (Male) |
| 4:02 | Create | Villager (Male) |
| 4:23 | Create | Villager (Male) |
| 4:37 | Build | Mill |
| 4:54 | Create | Villager (Male) |
| 4:58 | Build | Palisade Wall |
| 5:34 | Build | Palisade Wall |
| 5:34 | Build | Palisade Wall |
| 5:46 | Build | Palisade Wall |
| 5:49 | Create | Villager (Male) |
| 5:50 | Research | Loom |
| 6:18 | Research | Loom |
| 6:18 | Research | Loom |
| 6:27 | Build | Palisade Wall |
| 6:34 | Build | Palisade Wall |
| 6:37 | Research | Feudal Age |
| 6:37 | Research | Feudal Age |
| 6:37 | Research | Feudal Age |
| 7:04 | Build | House |
| 7:34 | Build | Palisade Wall |
| 7:59 | Build | Barracks |
| 8:30 | Create | Villager (Male) |
| 8:51 | Create | Villager (Male) |
| 8:53 | Age | Feudal Age |
| 9:04 | Build | Archery Range |
| 9:09 | Build | Archery Range |
| 9:16 | Build | House |
| 9:20 | Create | Villager (Male) |
| 9:30 | Create | Spearman |
| 9:50 | Create | Villager (Male) |
| 9:56 | Create | Archer |
| 10:05 | Create | Skirmisher |
| 10:08 | Build | Farm |
| 10:10 | Build | Farm |
| 10:21 | Research | Double-Bit Axe |
| 10:21 | Research | Double-Bit Axe |
| 10:22 | Create | Villager (Male) |
| 10:36 | Create | Villager (Male) |
| 10:51 | Build | House |
| 10:57 | Build | House |
| 11:01 | Create | Villager (Male) |
| 11:02 | Create | Skirmisher |
| 11:12 | Create | Villager (Male) |
| 11:16 | Research | Horse Collar |
| 11:17 | Research | Horse Collar |
| 11:28 | Build | House |
| 11:39 | Create | Villager (Male) |
| 11:43 | Create | Skirmisher |
| 11:55 | Create | Villager (Male) |
| 11:57 | Build | Farm |
| 12:09 | Build | House |
| 12:33 | Create | Villager (Male) |
| 12:35 | Create | Skirmisher |
| 12:37 | Build | Farm |
| 12:44 | Create | Villager (Male) |
| 12:51 | Build | Farm |
| 12:53 | Build | Farm |
| 12:54 | Create | Villager (Male) |
| 13:01 | Create | Villager (Male) |
| 13:09 | Build | Palisade Gate |
| 13:11 | Build | Farm |
| 13:15 | Build | Farm |
| 13:24 | Create | Villager (Male) |
| 13:31 | Build | Palisade Wall |
| 13:36 | Create | Villager (Male) |
| 13:40 | Build | Farm |
| 13:55 | Create | Villager (Male) |
| 14:01 | Build | Mining Camp |
| 14:03 | Build | Farm |
| 14:04 | Create | Villager (Male) |
| 14:19 | Build | Palisade Gate |
| 14:27 | Create | Villager (Male) |
| 14:32 | Build | Palisade Gate |
| 14:38 | Build | Farm |
| 14:40 | Build | Farm |
| 14:59 | Build | Mining Camp |
| 15:15 | Create | Villager (Male) |
| 15:20 | Build | Blacksmith |
| 16:01 | Research | Castle Age |
| 16:01 | Research | Castle Age |
| 16:01 | Research | Castle Age |
| 16:01 | Research | Castle Age |
| 16:23 | Build | Farm |
| 18:41 | Age | Castle Age |
| 18:51 | Build | Castle |
| 18:55 | Build | Monastery |
| 18:56 | Create | Villager (Male) |
| 18:58 | Research | Bow Saw |
| 18:59 | Research | Wheelbarrow |
| 18:59 | Research | Wheelbarrow |
| 19:09 | Build | Palisade Wall |
| 19:10 | Build | Palisade Gate |
| 19:11 | Build | Palisade Wall |
| 19:15 | Build | Palisade Wall |
| 19:16 | Build | Palisade Wall |
| 19:18 | Build | House |
| 19:21 | Create | Villager (Male) |
| 19:35 | Create | Villager (Male) |
| 19:40 | Build | House |
| 19:48 | Create | Conquistador |
| 19:49 | Create | Conquistador |
| 19:49 | Create | Conquistador |
| 19:53 | Create | Missionary |
| 20:02 | Build | Farm |
| 20:03 | Create | Villager (Male) |
| 20:09 | Create | Villager (Male) |
| 20:15 | Build | Lumber Camp |
| 20:17 | Build | Farm |
| 20:17 | Build | Farm |
| 20:18 | Build | Farm |
| 20:26 | Create | Conquistador |
| 20:32 | Create | Villager (Male) |
| 20:45 | Create | Missionary |
| 20:56 | Create | Villager (Male) |
| 20:58 | Build | Siege Workshop |
| 21:03 | Research | Padded Archer Armor |
| 21:05 | Build | Stable |
| 21:29 | Create | Missionary |
| 21:42 | Create | Villager (Male) |
| 21:58 | Create | Villager (Male) |
| 22:03 | Build | Town Center |
| 22:10 | Create | Conquistador |
| 22:10 | Create | Conquistador |
| 22:25 | Research | Bloodlines |
| 22:25 | Research | Bloodlines |
| 22:40 | Create | Villager (Male) |
| 22:56 | Research | Leather Archer Armor |
| 22:59 | Create | Conquistador |
| 23:03 | Create | Battering Ram |
| 23:31 | Create | Villager (Male) |
| 23:35 | Create | Villager (Male) |
| 23:38 | Create | Battering Ram |
| 23:38 | Create | Battering Ram |
| 23:40 | Create | Conquistador |
| 24:01 | Create | Scorpion |
Match timeline
| 4:58 | mouri · wall_segment Palisade Wall x11 |
| 5:04 | ldx · first_building Barracks |
| 5:34 | mouri · wall_segment Palisade Wall x1 |
| 5:34 | mouri · wall_segment Palisade Wall x1 |
| 5:46 | mouri · wall_segment Palisade Wall x7 |
| 6:27 | mouri · wall_segment Palisade Wall x11 |
| 6:34 | mouri · wall_segment Palisade Wall x6 |
| 7:34 | mouri · wall_segment Palisade Wall x1 |
| 7:59 | mouri · first_building Barracks |
| 8:51 | ldx · age_up feudal |
| 8:53 | mouri · age_up feudal |
| 9:04 | mouri · first_building Archery Range |
| 9:37 | ldx · wall_segment Palisade Wall x2 |
| 9:37 | ldx · wall_segment Palisade Wall x1 |
| 10:39 | ldx · wall_segment Palisade Wall x1 |
| 10:52 | ldx · wall_segment Palisade Wall x6 |
| 13:31 | mouri · wall_segment Palisade Wall x1 |
| 15:14 | ldx · wall_segment Palisade Wall x1 |
| 16:02 | ldx · first_building Stable |
| 18:41 | mouri · age_up castle |
| 18:51 | mouri · first_building Castle |
| 18:55 | mouri · first_building Monastery |
| 19:01 | ldx · age_up castle |
| 19:09 | mouri · wall_segment Palisade Wall x1 |
| 19:11 | mouri · wall_segment Palisade Wall x1 |
| 19:15 | mouri · wall_segment Palisade Wall x1 |
| 19:16 | mouri · wall_segment Palisade Wall x1 |
| 19:39 | ldx · first_building Archery Range |
| 20:58 | mouri · first_building Siege Workshop |
| 21:05 | mouri · first_building Stable |
| 21:53 | ldx · wall_segment Stone Wall x5 |
| 24:34 | ldx · first_building Monastery |
| 28:05 | ldx · first_building Castle |
| 31:16 | mouri · first_market_buy 500 food |
| 32:18 | ldx · first_market_buy 100 food |
| 32:19 | ldx · first_market_sell 100 wood |
| 34:32 | mouri · age_up imperial |
| 35:30 | ldx · age_up imperial |
| 35:31 | ldx · first_building Siege Workshop |
| 40:24 | mouri · first_market_sell 500 wood |
| 56:28 | ldx · first_building Krepost |
| 57:12 | mouri · resign |
[ AI ANALYSIS · 1 CREDIT ]
What really happened in this match?
Wolo.gg analyzes every decision: build order, eco, micro, common mistakes by bracket. Personalized analysis on WhatsApp or Discord in 30 seconds.
Civ guide
Bulgarians
Perfil
Jugador #21516070